 Dungeon Sprint DCSS version 0.29.1-12-g30fa7ad0bf (webtiles) character file.

Game seed: 16824288577746461443

15828 Groucho the Acrobat (level 12, -4/63 HPs)
             Began as a Spriggan Enchanter on Jan 5, 2023.
             Was the Champion of Dithmenos.
             Killed from afar by a hellephant (35 damage)
             ... with a blast of flame
             ... in the Dungeon (Sprint II: "The Violet Keep of Menkaure") on Jan 6, 2023.
             The game lasted 00:15:17 (2439 turns).

Groucho the Acrobat (Spriggan Enchanter)            Turns: 2439, Time: 00:15:17

Health: -4/63      AC:  5    Str:  8    XL:     12   Next: 4%
Magic:  22/29      EV: 32    Int: 17    God:    Dithmenos [******]
Gold:   1422       SH:  0    Dex: 16    Spells: 24/35 levels left

rFire   . . .      SeeInvis +   l - +12 short sword of Terrible Purpose {freeze, Fly rElec rC++}
rCold   + + .      Faith    .   (no shield)
rNeg    . . .      Spirit   .   b - +0 robe
rPois   .          Reflect  .   (helmet restricted)
rElec   +          Harm     .   d - +2 cloak
rCorr   .          Rampage  .   (gloves unavailable)
Will    ++...      NoTele   +   (boots unavailable) Stlth ***+++++++
                                (no amulet)
HPRegen 0.20/turn               (no ring)
MPRegen 0.21/turn               (no ring)

@: flying, wreathed by umbra, very quick
A: very small, no large weapons, unfitting armour, see invisible, speed 3
a: Renounce Religion, Shadow Step, Shadow Form


You were in the Dungeon.
You worshipped Dithmenos.
Dithmenos was exalted by your worship.
You visited 1 branch You collected 2324 gold pieces.
You spent 902 gold pieces at shops.

Inventory:

Hand Weapons
 a - a +1 dagger
 l - the +12 short sword of Terrible Purpose (weapon) {freeze, Fly rElec rC++}
   (You found it in the Dungeon)

   It freezes those it strikes, dealing additional cold damage.
   It can also slow down cold-blooded creatures.
   rC:        It greatly protects you from cold.
   rElec:     It insulates you from electricity.
   Fly:       It grants you flight.
Armour
 b - a +0 robe (worn)
 d - a +2 cloak (worn)
Jewellery
 m - a ring of protection from fire
 n - the amulet "Etyrgh" {-Tele Regen+ rCorr Int+10 SInv}
   (You found it in the Dungeon)

   [amulet of regeneration]

   Int:       It affects your intelligence (+10).
   SInv:      It lets you see invisible.
   -Tele:     It prevents most forms of teleportation.
   Regen:     It increases your rate of health regeneration.
   rCorr:     It protects you from acid and corrosion.
Scrolls
 f - 6 scrolls of identify {unknown}
 i - 2 scrolls of blinking
 o - a scroll of silence {unknown}
 p - a scroll of poison {unknown}
 t - a scroll of magic mapping {unknown}
 u - a scroll of enchant armour {unknown}
Potions
 e - 7 potions of flight
 g - 7 potions of magic
 h - 2 potions of haste
 j - a potion of attraction
 k - 4 potions of mutation {unknown}
 q - 4 potions of resistance {unknown}
 r - 3 potions of curing
 s - a potion of berserk rage


   Skills:
 + Level 7.2 Fighting
 + Level 12.2 Short Blades
 + Level 21.6 Dodging
 - Level 17.0 Stealth
 - Level 12.0 Spellcasting
 - Level 14.0 Hexes
 + Level 2.9 Ice Magic
 * Level 12.2 Invocations


You had 24 spell levels left.
You knew the following spells:

 Your Spells              Type           Power      Damage    Failure   Level
a - Ensorcelled Hibernat  Hex/Ice        78%        N/A       1%          2
b - Confusing Touch       Hex            55%        N/A       1%          3
c - Dazzling Flash        Conj/Hex       68%        N/A       1%          3
d - Tukima's Dance        Hex            55%        N/A       1%          3

Your spell library contained the following spells:

 Spells                   Type           Power      Damage    Failure   Level
 Ozocubu's Armour         Ice            20%        N/A       6%          3
 Ozocubu's Refrigeration  Ice            10%        4d9       100%        7


Dungeon Overview and Level Annotations

Branches:
Dungeon (1/1)

Altars:
Cheibriados
Dithmenos
Elyvilon
Fedhas
Gozag
Hepliaklqana
Kikubaaqudgha
Makhleb
Nemelex Xobeh
Okawaru
Qazlal
Ru
Sif Muna
Trog
Uskayaw
Vehumet
Wu Jian
Xom
Yredelemnul
Zin
The Shining One
Jiyva
Lugonu

Shops:
D =:[[![!!:?=(!*!

Annotations:
D exclusion: oklob plant, Roxanne


Innate Abilities, Weirdness & Mutations

You are very small and have problems with some larger weapons.
You are too small for most types of armour.
You have supernaturally acute eyesight. (SInv)
You cover ground extremely quickly. (Speed+++)


Message History

Casting: Ensorcelled Hibernation (safe; 1% risk of failure)
Confirm with . or Enter, or press ? or * to list all spells.
Casting: Dazzling Flash (safe; 1% risk of failure)
Press: ? - help, Dir - look around, f - activate The hellephant trumpets!
Unknown command.
Unknown command.
Unknown command.
The hellephant breathes flames at you. The blast of flame misses you.
Casting: Dazzling Flash (safe; 1% risk of failure)
Confirm with . or Enter, or press ? or * to list all spells.
Casting: Dazzling Flash (safe; 1% risk of failure)
Press: ? - help, Dir - look around, f - activate You are engulfed in a cloud of scalding steam.
Unknown command.
Unknown command.
You are engulfed in a cloud of scalding steam.
You are engulfed in a cloud of scalding steam.
Casting: Dazzling Flash (safe; 1% risk of failure)
Confirm with . or Enter, or press ? or * to list all spells.
Casting: Dazzling Flash (safe; 1% risk of failure)
Press: ? - help, Dir - look around, f - activate Unknown command.
Unknown command.
The hellephant breathes flames at you. The blast of flame misses you.
You are engulfed in a cloud of scalding steam.
You are engulfed in a cloud of scalding steam.
You emit a cloud of dark smoke.
You are engulfed in a cloud of scalding steam.
The hellephant is engulfed in a cloud of scalding steam.
You are engulfed in a cloud of scalding steam.
Really fly into a travel-excluded area? [Y]es or [N]o only, please.
Really fly into a travel-excluded area?
The hellephant breathes flames at you. The blast of flame hits you!!
Ouch! That really hurt!
You die...

##+##..#.[####.#†.#)|▓([[.[...▓▓
#.#.##.####..'.##.#)[▓.(..(.[.▓▓.
.###.# ...#..#...####▓[......[▓▓.
#.#.####..#####..##)#▓)))[.[..▓▓.
##'###.##..#..'..#..#▓...)...(▓▓.
##†##...#..#.)#..#†.#▓........▓▓.
'.<.'##.'..####..##.#▓[..(....▓▓.
##.##...#..§.###...##▓▓▓▓▓▓▓'▓▓▓▓
##'###.##...§..~@§§~~Y§§§§Y~...≈≈
#...####~~.....~#'########§###.≈≈
..##.#~~~~~§~..~#.._._._.#§~§##≈≈
###.##~~~~~§§~§~#._._._..#§§≈≈###
##'##~~~≈§§§§§~~#_._._._.#§§~~≈##
~§§~~~~§~≈≈≈≈~~~#._._._._#~§~≈§§#
§§#+++#§≈≈≈≈≈≈§~#.._._._.#§~§~~§'
§§§≈≈§##≈≈§###≈≈#..._._._#~§~§≈~#
§≈§≈§§≈##≈≈#.#≈≈#...._._.#~§§≈§≈▓


There were no monsters in sight!

Vanquished Creatures
  A deep elf master archer (D)
  2 sphinxes (D)
  A kraken (D)
  A crystal guardian (D)
  An ice dragon (D)
  A great orb of eyes (D)
  A death yak (D)
  Sonja (D)
  2 death drakes (D)
  2 deep trolls (D)
  3 manticores (D)
  2 cane toads (D)
  A yaktaur (D)
  3 polar bears (D)
  A hornet (D)
  3 slime creatures (D)
  5 wyverns (D)
  4 neqoxecs (D)
  2 redbacks (D)
  Menkaure (D)
  4 water moccasins (D)
  2 swamp drakes (D)
  3 black bears (D)
  4 necrophages (D)
  4 scorpions (D)
  9 electric eels (D)
64 creatures vanquished.

Notes
Turn   | Place    | Note
-------+----------+-------------------------------------------
     0 | D        | Groucho the Spriggan Enchanter began the quest for the Orb.
     0 | D        | Reached XP level 1. HP: 9/9 MP: 5/5
     3 | D        | Noticed a wyvern
     3 | D        | Noticed a wyvern
     6 | D        | Noticed a necrophage
     6 | D        | Noticed a necrophage
     6 | D        | Noticed a necrophage
     6 | D        | Noticed a necrophage
    14 | D        | Killed a necrophage
    15 | D        | Reached skill level 5 in Hexes
    15 | D        | Reached XP level 2. HP: 13/13 MP: 5/8
    15 | D        | Reached XP level 3. HP: 16/16 MP: 6/10
    17 | D        | Killed a necrophage
    18 | D        | Reached skill level 10 in Stealth
    18 | D        | Reached skill level 5 in Spellcasting
    18 | D        | Reached XP level 4. HP: 21/21 MP: 6/12
    20 | D        | Killed a necrophage
    21 | D        | Reached skill level 5 in Short Blades
    21 | D        | Reached XP level 5. HP: 24/24 MP: 6/14
    30 | D        | Noticed a neqoxec
    30 | D        | Noticed a neqoxec
    30 | D        | Noticed a neqoxec
    30 | D        | Noticed a neqoxec
    32 | D        | Killed a neqoxec
    33 | D        | Reached XP level 6. HP: 28/28 MP: 7/17
    34 | D        | Killed a neqoxec
    36 | D        | Killed a neqoxec
    37 | D        | Reached skill level 15 in Stealth
    37 | D        | Reached XP level 7. HP: 32/32 MP: 7/20
    38 | D        | Killed a neqoxec
    54 | D        | Reached skill level 3 in Dodging
    64 | D        | Learned a level 2 spell: Ensorcelled Hibernation
    68 | D        | Learned a level 3 spell: Confusing Touch
    72 | D        | Learned a level 3 spell: Dazzling Flash
    76 | D        | Learned a level 3 spell: Tukima's Dance
    81 | D        | Reached skill level 10 in Spellcasting
    84 | D        | Reached skill level 4 in Dodging
    84 | D        | Reached skill level 10 in Hexes
   656 | D        | Killed a wyvern
   657 | D        | Reached skill level 5 in Dodging
   657 | D        | Reached XP level 8. HP: 36/36 MP: 19/23
   700 | D        | Found Vazuher's Jewellery Emporium.
   700 | D        | Found Cuseusku's Distillery.
   700 | D        | Found Demappoubb's Distillery.
   700 | D        | Found Vucw's Distillery.
   700 | D        | Found Zodam's Magic Scroll Shoppe.
   700 | D        | Found Sevus's Antique Weapon Shoppe.
   700 | D        | Found Umigik's Assorted Antiques.
   701 | D        | Found Odig's Book Emporium.
   701 | D        | Found Ruf Toeg's Distillery.
   702 | D        | Found Nayng's Antique Armour Shoppe.
   702 | D        | Found Ximezote's Distillery.
   702 | D        | Noticed Menkaure
   723 | D        | Killed Menkaure
   724 | D        | Reached skill level 6 in Dodging
   727 | D        | Found Ofangoor's Armour Emporium.
   727 | D        | Found Torelisk's Antique Armour Shoppe.
   727 | D        | Noticed an oklob plant
   728 | D        | Found Ehouh's Jewellery Shoppe.
   728 | D        | Found Wiops's Book Shoppe.
   730 | D        | Noticed an iron elemental
   733 | D        | Noticed an unseen horror
   765 | D        | Bought an embroidered cloak for 232 gold pieces
   774 | D        | Bought a potion of flight for 36 gold pieces
   774 | D        | Bought a potion of flight for 36 gold pieces
   774 | D        | Bought a potion of heal wounds for 60 gold pieces
   788 | D        | Bought a potion of invisibility for 88 gold pieces
   788 | D        | Bought a potion of invisibility for 88 gold pieces
   788 | D        | Bought a potion of haste for 110 gold pieces
   794 | D        | Bought a potion of attraction for 36 gold pieces
   808 | D        | Bought a potion of heal wounds for 60 gold pieces
   808 | D        | Bought a potion of heal wounds for 60 gold pieces
   808 | D        | Bought a potion of invisibility for 96 gold pieces
   854 | D        | Found a hazy altar of Hepliaklqana.
   854 | D        | Found a snail-covered altar of Cheibriados.
   855 | D        | Found a stormy altar of Qazlal.
   855 | D        | Found a viscous altar of Jiyva.
   855 | D        | Found a shadowy altar of Dithmenos.
   856 | D        | Found a sacrificial altar of Ru.
   856 | D        | Found an ancient bone altar of Kikubaaqudgha.
   856 | D        | Found a white marble altar of Elyvilon.
   860 | D        | Found an ornate altar of the Wu Jian Council.
   860 | D        | Found a shimmering blue altar of Sif Muna.
   860 | D        | Found a corrupted altar of Lugonu.
   861 | D        | Found a shimmering altar of Xom.
   861 | D        | Found a bloodstained altar of Trog.
   861 | D        | Found a burning altar of Makhleb.
   862 | D        | Found a glowing golden altar of the Shining One.
   862 | D        | Found a basalt altar of Yredelemnul.
   862 | D        | Found a hide-covered altar of Uskayaw.
   864 | D        | Found a glowing silver altar of Zin.
   864 | D        | Found a radiant altar of Vehumet.
   864 | D        | Found a blossoming altar of Fedhas.
   864 | D        | Found a sparkling altar of Nemelex Xobeh.
   864 | D        | Noticed a hornet
   864 | D        | Noticed a polar bear
   865 | D        | Found an opulent altar of Gozag.
   865 | D        | Found an iron altar of Okawaru.
   865 | D        | Noticed a yaktaur
   870 | D        | Became a worshipper of Dithmenos the Shadowed
   885 | D        | Noticed a deep elf master archer
   908 | D        | Killed a deep elf master archer
   909 | D        | Reached skill level 10 in Short Blades
   909 | D        | Reached skill level 11 in Dodging
   909 | D        | Reached XP level 9. HP: 36/39 MP: 24/26
   925 | D        | Noticed a polar bear
   925 | D        | Noticed a polar bear
   926 | D        | Killed a polar bear
   927 | D        | Reached skill level 12 in Dodging
   927 | D        | Killed a polar bear
   927 | D        | Reached * piety under Dithmenos
   930 | D        | Reached skill level 13 in Dodging
   930 | D        | Killed a polar bear
   931 | D        | Reached skill level 14 in Dodging
   932 | D        | Killed a yaktaur
   932 | D        | Reached ** piety under Dithmenos
   933 | D        | Reached skill level 15 in Dodging
   941 | D        | Noticed a death yak
   943 | D        | Killed a death yak
   944 | D        | Reached skill level 16 in Dodging
   944 | D        | Reached XP level 10. HP: 43/44 MP: 27/27
   951 | D        | Noticed a manticore
   952 | D        | Noticed a manticore
   952 | D        | Noticed a manticore
   953 | D        | Killed a manticore
   954 | D        | Reached skill level 17 in Dodging
   957 | D        | Killed a manticore
   958 | D        | Reached skill level 18 in Dodging
   960 | D        | Killed a manticore
   960 | D        | Reached *** piety under Dithmenos
   961 | D        | Reached skill level 19 in Dodging
  1041 | D        | Noticed an ice dragon
  1044 | D        | Killed an ice dragon
  1045 | D        | Reached skill level 1 in Fighting
  1054 | D        | Noticed a great orb of eyes
  1054 | D        | Noticed a cane toad
  1054 | D        | Noticed a cane toad
  1059 | D        | Reached **** piety under Dithmenos
  1062 | D        | Killed a cane toad
  1064 | D        | Reached skill level 5 in Invocations
  1065 | D        | Killed a cane toad
  1066 | D        | Reached ***** piety under Dithmenos
  1069 | D        | Reached XP level 11. HP: 53/53 MP: 28/28
  1093 | D        | Reached skill level 20 in Dodging
  1102 | D        | Paralysed by a great orb of eyes for 4 turns
  1125 | D        | Killed a great orb of eyes
  1458 | D        | Identified the +12 short sword of Terrible Purpose {freeze,
                  | Fly rElec rC++}
  1465 | D        | Identified the amulet "Etyrgh" {-Tele Regen+ rCorr Int+10
                  | SInv}
  1494 | D        | Noticed a death drake
  1495 | D        | Noticed a death drake
  1495 | D        | Noticed a crystal guardian
  1498 | D        | Killed a crystal guardian
  1499 | D        | Reached ****** piety under Dithmenos
  1500 | D        | Reached skill level 5 in Fighting
  1500 | D        | Killed a death drake
  1502 | D        | Killed a death drake
  1521 | D        | Noticed a kraken
  1529 | D        | Killed a kraken
  1530 | D        | Reached skill level 10 in Invocations
  1882 | D        | Noticed a deep troll
  1882 | D        | Noticed a deep troll
  1898 | D        | Killed a deep troll
  1899 | D        | Reached skill level 21 in Dodging
  1938 | D        | Killed a deep troll
  2132 | D        | Noticed Roxanne
  2240 | D        | Noticed a sphinx
  2241 | D        | Noticed a sphinx
  2243 | D        | Killed a sphinx
  2244 | D        | Reached skill level 1 in Ice Magic
  2244 | D        | Killed a sphinx
  2286 | D        | Noticed a hellephant
  2286 | D        | Noticed Sonja
  2286 | D        | Noticed a purple draconian shifter
  2308 | D        | Noticed a glowing orange brain
  2309 | D        | Killed Sonja
  2310 | D        | Reached XP level 12. HP: 58/63 MP: 22/29
  2439 | D        | Killed from afar by a hellephant

Illustrated notes

Levels and vault maps discovered:
D:        the_violet_keep_of_menkaure [sprint2_stairs_cluster_1,
          sprint2_shoproom, sprint2_temple, sprint2_basic_supplies,
          sprint2_obstacle_7, sprint2_obstacle_5, sprint2_obstacle_6,
          sprint2_obstacle_3, sprint2_obstacle_2, sprint2_timed_cluster_1,
          sprint2_smallroom_cluster_1, sprint2_smallroom_final_cluster_1,
          sprint2_transparent_cluster_1, sprint2_second_timed_cluster_1,
          sprint2_sniper_area_1, sprint2_heavy_combat_area_1,
          sprint2_mutation_trap_area_1, sprint2_forest_area_1,
          sprint2_light_combat_area_1, sprint2_behind_water_1,
          sprint2_near_end_vault_1]

Skill      XL: |  1  2  3  4  5  6  7  8  9 10 11 |
---------------+----------------------------------+-----
Short Blades   | 3 4 5 6 7 9 10 12 | 12.2
Stealth        | 8 10 11 14 15 16 17 | 17.0
Spellcasting   | 4 5 6 7 8 10 12 | 12.0
Hexes          | 5 6 8 9 10 13 14 | 14.0
Dodging        | 5 11 16 19 21 | 21.6
Fighting       | 3 7 |  7.2
Invocations    | 6 12 | 12.2
Ice Magic      | 2 |  2.9

Action                   |  1- 3 |  4- 6 |  7- 9 | 10-12 || total
-------------------------+-------+-------+-------+-------++-------
Melee: Dagger            |     7 |     5 |    41 |    32 ||    85
       Short sword       |       |       |       |    33 ||    33
       Punch             |       |       |       |     1 ||     1
 Cast: Ensorcelled Hiber |       |       |    11 |    20 ||    31
       Confusing Touch   |       |       |     2 |     1 ||     3
       Dazzling Flash    |       |       |       |     8 ||     8
Invok: Shadow Step       |       |       |       |     1 ||     1
  Use: Potion            |     4 |       |     7 |     4 ||    15
 Stab: Invisible         |     2 |     2 |     3 |     4 ||    11
       Sleeping          |     1 |     3 |    12 |    38 ||    54
       Confused          |       |       |     2 |     1 ||     3
Armor: Robe              |       |       |       |     5 ||     5
Dodge: Dodged            |     6 |     1 |    16 |    28 ||    51
